Login

Los Angeles Kings vs Chicago Blackhawks

Created - 29 March 2024 at 23:11

Goals
1 2 3 OT1 SO T
Los Angeles Kings 1 3 1 0 2 6
Chicago Blackhawks 0 2 3 0 1 5
Shots
1 2 3 OT1 SO T
Los Angeles Kings 15 18 10 0 5 43
Chicago Blackhawks 6 17 23 1 5 47

GoalsPenalties
1st period
1. Los Angeles Kings , Phillip Danault 2 (Pierre-Luc Dubois 4, Viktor Arvidsson 4) at 0:33
Blake Wheeler (CHI) for Delaying the game (Minor) at 14:54
Kevin Fiala (LAK) for Slashing (Minor) at 14:58
Sam Bennett (CHI) for Tripping (Minor) at 18:26
2nd period
2. Chicago Blackhawks , Philipp Kurashev 2 (Jonatan Berggren 2, Seth Jones 2) at 6:13
3. Los Angeles Kings , Kevin Fiala 6 (Anze Kopitar 9) at 11:53
4. Los Angeles Kings , Viktor Arvidsson 6 (Pierre-Luc Dubois 5) at 12:01
5. Los Angeles Kings , Viktor Arvidsson 7 (Pierre-Luc Dubois 6, Drew Doughty 7) at 14:24 (PP)
6. Chicago Blackhawks , Seth Jones 2 (Connor Murphy 1, David Rittich) at 16:17 (PP)
Pierre-Luc Dubois (LAK) for Slashing (Minor) at 0:59
Blake Wheeler (CHI) for High sticking (Minor) at 13:12
Adrian Kempe (LAK) for Roughing (Double Minor) at 15:14
3rd period
7. Los Angeles Kings , Wade Allison 2 (Arthur Kaliyev 3, Kurtis MacDermid 3) at 4:03
8. Chicago Blackhawks , Tyler Johnson 5 (Blake Wheeler 4, David Rittich) at 14:04 (PP)
9. Chicago Blackhawks , Taylor Hall 5 (Jarred Tinordi 3, Tyler Johnson 5) at 15:11
10. Chicago Blackhawks , Taylor Hall 6 (Jarred Tinordi 4, Sam Bennett 8) at 19:42
Nick Foligno (CHI) for Tripping (Minor) at 0:03
Sam Bennett (CHI) for Cross-checking (Minor) at 4:50
Connor Murphy (CHI) for Boarding (Minor) at 7:25
Pierre-Luc Dubois (LAK) for Delaying the game (Minor) at 12:24
Connor Murphy (CHI) for Tripping (Minor) at 0:00
Overtime #1
No Goal
Shootout
Los Angeles Kings, Anze Kopitar - Stopped by David Rittich
Chicago Blackhawks, Patrick Kane - Stopped by Cam Talbot
Los Angeles Kings, Adrian Kempe - Shot Misses the Net
Chicago Blackhawks, Blake Wheeler - Goal!
Los Angeles Kings, Pierre-Luc Dubois - Goal!
Chicago Blackhawks, Sam Bennett - Stopped by Cam Talbot
Los Angeles Kings, Kevin Fiala - Shot Misses the Net
Chicago Blackhawks, Taylor Hall - Shot Misses the Net
Los Angeles Kings, Viktor Arvidsson - Goal!
Chicago Blackhawks, Nick Foligno - Stopped by Cam Talbot
Goalie Stats
Cam Talbot (LAK), 42 saves from 47 shots - (0.894), W, 5-2-0, 65:00 minutes
David Rittich (CHI), 38 saves from 43 shots - (0.884), OTL, 1-2-2, 64:18 minutes
3 StarsOfficial
1 - Viktor Arvidsson (LAK)
2 - Taylor Hall (CHI)
3 - Wade Allison (LAK)
Referees : TJ Luxmore and Tim Mayer
Linesman : Travis Toomey and Scott Driscoll
Game Note
Matt Grzelcyk is injured at 11:37 of 1st period (Left Foot)
Finance
Level 1 -- Attendance: 5750 (95.83%) -- Ticket Income $575,000
Level 2 -- Attendance: 4207 (84.14%) -- Ticket Income $252,420
Level 3 -- Attendance: 1771 (88.55%) -- Ticket Income $61,985
Level 4 -- Attendance: 3691 (92.28%) -- Ticket Income $92,275
Luxury Box -- Attendance: 890 (89.00%) -- Ticket Income $178,000
Game was played at the United Center.
Total Attendance: 16309 (90.61%)
Total Ticket Income: $1,159,680
Other Income: $568,243
Total Income: $1,727,923



Team Name Goals Shots Shots Attemp Shots Blocked PIM HIT PP PK FO%
Los Angeles Kings 643662010171 / 7 (14%)264%
Chicago Blackhawks 54789814182 / 5 (40%)136%

Los Angeles Kings
Player Name POS G A P +/- PIM HIT SHT SB MP PP MP PP SHT PK MP PK SHT FO% FOT GA TA
Adrian KempeRW0000415120:175:0310:0000% 021
Andreas EnglundD0001000010:540:0000:0000% 000
Anze KopitarC0110016126:335:0314:06165% 4900
Arthur KaliyevLW011100216:420:0000:0400% 020
Blake LizotteC000100006:300:0000:0000% 010
Drew DoughtyD011-1024230:246:0814:0500% 020
Kevin FialaLW1010207125:185:0204:070100% 110
Kurtis MacDermidD0111000210:540:0000:0000% 000
Matt RoyD000-1023130:136:0804:0500% 000
Mikey AndersonD0001020522:173:0402:4000% 001
Phillip DanaultLW1011012019:494:0902:290100% 100
Pierre-Luc DuboisC0331423016:594:0900:47071% 1700
Quinton ByfieldRW000-1000010:420:0000:000100% 100
Trevor LewisC000-1000011:110:0000:1700% 411
Trevor MooreLW000-1000212:250:0000:000100% 110
Viktor ArvidssonRW2131017218:204:0911:4000% 110
Vladislav GavrikovD0001042222:323:0402:4000% 000
Wade AllisonRW101101206:300:0000:0000% 000
Chicago Blackhawks
Player Name POS G A P +/- PIM HIT SHT SB MP PP MP PP SHT PK MP PK SHT FO% FOT GA TA
Blake WheelerRW011-1432115:432:3000:00025% 401
Boris KatchoukLW0000003014:080:0005:4800% 000
Connor MurphyD011-1432222:115:0320:2700% 000
Corey PerryRW000-1021012:460:0502:2700% 000
Jarred TinordiD0221016021:401:3202:1300% 000
Jonatan BerggrenLW011-1003010:000:0000:42050% 210
Kevin StenlundC0000002014:430:0006:58144% 1800
Matt GrzelcykD000001013:470:0000:0000% 001
Nick FolignoLW0000221115:072:3000:0000% 200
Nikita ZaitsevD000-1011021:430:0007:2110% 001
Patrick KaneRW0001023118:524:1510:0000% 000
Patrik NemethD0000013028:391:5308:3200% 002
Philipp KurashevC101-1011113:160:0003:44020% 521
Sam BennettC0111408019:484:1530:24038% 2101
Sam CarrickC000000108:110:0000:2100% 001
Seth JonesD112-1014029:555:0233:5100% 002
Taylor HallLW2020004017:564:1000:0000% 100
Tyler JohnsonC112-1002115:582:3010:00036% 2201

Los Angeles Kings

5 vs 5 Forward
Line #Left WingCenterRight WingPHYDFOFWanted %Time %Time Play
1Kevin FialaAnze KopitarAdrian Kempe1134034%13:55
2Phillip DanaultPierre-Luc DuboisViktor Arvidsson1133025%10:22
3Trevor MooreTrevor LewisQuinton Byfield1222026%10:42
4Arthur KaliyevBlake LizotteWade Allison1311016%6:30
5 vs 5 Defense
Line #DefenseDefensePHYDFOFWanted %Time %Time Play
1Drew DoughtyMatt Roy1224240%16:41
2Vladislav GavrikovMikey Anderson1223534%13:54
3Kurtis MacDermidAndreas Englund1222326%10:54
4Drew DoughtyMatt Roy12200%0:00
Power Play Forward
Line #Left WingCenterRight WingPHYDFOFWanted %Time %Time Play
1Kevin FialaAnze KopitarAdrian Kempe1136055%5:03
2Phillip DanaultPierre-Luc DuboisViktor Arvidsson1134045%4:09
Power Play Defense
Line #DefenseDefensePHYDFOFWanted %Time %Time Play
1Drew DoughtyMatt Roy1226067%6:08
2Vladislav GavrikovMikey Anderson1224033%3:04
Penalty Kill 4 Players Forward
Line #CenterWingPHYDFOFWanted %Time %Time Play
1Anze KopitarKevin Fiala2216076%5:09
2Pierre-Luc DuboisPhillip Danault2214024%1:36
Penalty Kill 4 Players Defense
Line #DefenseDefensePHYDFOFWanted %Time %Time Play
1Drew DoughtyMatt Roy2216060%4:05
2Vladislav GavrikovMikey Anderson2214040%2:40
Penalty Kill 3 Players
Line #WingPHYDFOFWanted %Time %Time PlayDefenseDefensePHYDFOFWanted %Time %Time Play
1Anze Kopitar221600%0:00 Drew DoughtyMatt Roy221600%0:00
2Pierre-Luc Dubois221400%0:00 Vladislav GavrikovMikey Anderson221400%0:00
4 vs 4 Forward
Line #CenterWingPHYDFOFWanted %Time %Time Play
1Anze KopitarKevin Fiala1226084%3:18
2Pierre-Luc DuboisPhillip Danault1224016%0:37
4 vs 4 Defense
Line #DefensePHYDFOFWanted %Time %Time Play
1Drew DoughtyMatt Roy1226055%60% - 2:09
2Vladislav GavrikovMikey Anderson1224045%40% - 1:46
Last Minutes Offensive
Left WingCenterRight WingDefenseDefense
Kevin FialaAnze KopitarAdrian KempeDrew DoughtyMatt Roy
Last Minutes Defensive
Left WingCenterRight WingDefenseDefense
Kevin FialaAnze KopitarAdrian KempeDrew DoughtyMatt Roy
Time
Total ForwardTotal DefenseLast Minutes OffensiveLast Minutes Defensive
62:00 62:00 0:000:39
Extra Forwards
Normal PowerPlayPenalty Kill
Viktor Arvidsson, Phillip Danault, Trevor MooreViktor Arvidsson, Phillip DanaultViktor Arvidsson
Extra Defensemen
Normal PowerPlayPenalty Kill
Mikey Anderson, Kurtis MacDermid, Andreas EnglundMikey Anderson, Mikey AndersonKurtis MacDermid
Penalty Shots
Anze Kopitar, Adrian Kempe, Pierre-Luc Dubois, Kevin Fiala, Viktor Arvidsson
Goalie
Cam Talbot, Pheonix Copley
Custom OT Lines Forwards
Anze Kopitar, Adrian Kempe, Pierre-Luc Dubois, Kevin Fiala, Viktor Arvidsson, Phillip Danault, Trevor Moore, Trevor Lewis, Arthur Kaliyev, Quinton Byfield
Custom OT Lines Defensemen
Drew Doughty, Matt Roy, Vladislav Gavrikov, Mikey Anderson, Kurtis MacDermid
Scratches
Carl Grundstrom (Healthy), Steven Santini (Suspend)

Chicago Blackhawks

5 vs 5 Forward
Line #Left WingCenterRight WingPHYDFOFWanted %Time %Time Play
1Nick FolignoSam BennettPatrick Kane1223030%12:17
2Taylor HallTyler JohnsonBlake Wheeler1223030%12:09
3Jonatan BerggrenPhilipp KurashevCorey Perry1222222%9:15
4Boris KatchoukKevin StenlundSam Carrick1221818%7:29
5 vs 5 Defense
Line #DefenseDefensePHYDFOFWanted %Time %Time Play
1Connor MurphySeth Jones1223637%15:04
2Patrik NemethJarred Tinordi1223331%12:48
3Matt GrzelcykNikita Zaitsev1223131%12:54
4Connor MurphySeth Jones12201%0:24
Power Play Forward
Line #Left WingCenterRight WingPHYDFOFWanted %Time %Time Play
1Taylor HallSam BennettPatrick Kane1226063%4:15
2Nick FolignoTyler JohnsonBlake Wheeler1224037%2:30
Power Play Defense
Line #DefenseDefensePHYDFOFWanted %Time %Time Play
1Connor MurphyMatt Grzelcyk1226095%6:24
2Seth JonesJarred Tinordi122405%0:21
Penalty Kill 4 Players Forward
Line #CenterWingPHYDFOFWanted %Time %Time Play
1Kevin StenlundBoris Katchouk1226073%6:45
2Philipp KurashevCorey Perry1224027%2:27
Penalty Kill 4 Players Defense
Line #DefenseDefensePHYDFOFWanted %Time %Time Play
1Patrik NemethMatt Grzelcyk1226085%7:49
2Jarred TinordiNikita Zaitsev1224015%1:23
Penalty Kill 3 Players
Line #WingPHYDFOFWanted %Time %Time PlayDefenseDefensePHYDFOFWanted %Time %Time Play
1Kevin Stenlund1226083%1:39 Patrik NemethMatt Grzelcyk1226072%1:26
2Philipp Kurashev1224018%0:21 Jarred TinordiNikita Zaitsev1224028%0:34
4 vs 4 Forward
Line #CenterWingPHYDFOFWanted %Time %Time Play
1Sam BennettPatrick Kane1226063%1:13
2Tyler JohnsonBlake Wheeler1224037%0:42
4 vs 4 Defense
Line #DefensePHYDFOFWanted %Time %Time Play
1Connor MurphySeth Jones1226058%60% - 1:07
2Patrik NemethJarred Tinordi1224042%40% - 0:48
Last Minutes Offensive
Left WingCenterRight WingDefenseDefense
Taylor HallSam BennettPatrick KaneSeth JonesMatt Grzelcyk
Last Minutes Defensive
Left WingCenterRight WingDefenseDefense
Nick FolignoKevin StenlundCorey PerryConnor MurphyPatrik Nemeth
Time
Total ForwardTotal DefenseLast Minutes OffensiveLast Minutes Defensive
62:00 62:00 0:580:00
Extra Forwards
Normal PowerPlayPenalty Kill
Tyler Johnson, Corey Perry, Philipp KurashevTyler Johnson, Corey PerryPhilipp Kurashev
Extra Defensemen
Normal PowerPlayPenalty Kill
Matt Grzelcyk, Nikita Zaitsev, Patrik NemethMatt Grzelcyk, Nikita ZaitsevPatrik Nemeth
Penalty Shots
Patrick Kane, Blake Wheeler, Sam Bennett, Taylor Hall, Nick Foligno
Goalie
David Rittich, Joonas Korpisalo
Custom OT Lines Forwards
Patrick Kane, Blake Wheeler, Sam Bennett, Taylor Hall, Nick Foligno, Tyler Johnson, Corey Perry, Philipp Kurashev, Jonatan Berggren, Boris Katchouk
Custom OT Lines Defensemen
Seth Jones, Connor Murphy, Matt Grzelcyk, Patrik Nemeth, Jarred Tinordi
Scratches
Joey Anderson (Healthy), Robby Fabbri (Healthy)


Play-by-Play

1st period


0:01 of 1st period - Sam Bennett wins face-off versus Anze Kopitar in neutral zone.
0:26 of 1st period - Connor Murphy is hit by Pierre-Luc Dubois and loses puck.
0:33 of 1st period - Snap shot by Phillip Danault.
0:33 of 1st period - Goal by Phillip Danault - Los Angeles Kings : 1 - Chicago Blackhawks : 0.
0:34 of 1st period - Jonatan Berggren wins face-off versus Trevor Lewis in neutral zone.
0:51 of 1st period - Slapshot by Jonatan Berggren.
0:51 of 1st period - Stopped by Cam Talbot with a rebound.
1:01 of 1st period - Kurtis MacDermid is hit by Blake Wheeler and loses puck.
2:58 of 1st period - Mikey Anderson is hit by Matt Grzelcyk and loses puck.
3:16 of 1st period - Matt Grzelcyk is hit by Vladislav Gavrikov and loses puck.
4:18 of 1st period - Wrist shot by Arthur Kaliyev.
4:18 of 1st period - Stopped by David Rittich without a rebound.
4:19 of 1st period - Anze Kopitar wins face-off versus Blake Wheeler in Chicago Blackhawks zone.
4:51 of 1st period - Slapshot by Boris Katchouk.
4:51 of 1st period - Shot Misses the Net.
6:30 of 1st period - Off-side.
6:31 of 1st period - Pierre-Luc Dubois wins face-off versus Kevin Stenlund in neutral zone.
6:34 of 1st period - Wrist shot by Pierre-Luc Dubois.
6:34 of 1st period - Deflect By Viktor Arvidsson.
6:34 of 1st period - Stopped by David Rittich with a rebound.
6:47 of 1st period - Phillip Danault is hit by Connor Murphy.
6:54 of 1st period - Icing by Seth Jones.
6:55 of 1st period - Anze Kopitar wins face-off versus Tyler Johnson in Chicago Blackhawks zone.
6:56 of 1st period - Snap shot by Adrian Kempe.
6:56 of 1st period - Stopped by David Rittich with a rebound.
6:58 of 1st period - Wrist shot by Vladislav Gavrikov.
6:58 of 1st period - Stopped by David Rittich with a rebound.
7:08 of 1st period - Blake Wheeler is hit by Mikey Anderson and loses puck.
7:34 of 1st period - Wrist shot by Viktor Arvidsson.
7:34 of 1st period - Stopped by David Rittich with a rebound.
8:10 of 1st period - Wade Allison is hit by Blake Wheeler and loses puck.
8:19 of 1st period - Patrik Nemeth is hit by Wade Allison and loses puck.
8:30 of 1st period - Adrian Kempe is hit by Jarred Tinordi and loses puck.
9:11 of 1st period - Quinton Byfield is hit by Connor Murphy and loses puck.
9:20 of 1st period - Snap shot by Blake Wheeler.
9:20 of 1st period - Shot Blocked by Mikey Anderson.
10:00 of 1st period - Wrist shot by Jonatan Berggren.
10:00 of 1st period - Stopped by Cam Talbot with a rebound.
10:54 of 1st period - Icing by Andreas Englund.
10:55 of 1st period - Anze Kopitar wins face-off versus Kevin Stenlund in Los Angeles Kings zone.
11:00 of 1st period - Kevin Stenlund is hit by Pierre-Luc Dubois and loses puck.
11:07 of 1st period - Slapshot by Connor Murphy.
11:07 of 1st period - Shot Blocked by Viktor Arvidsson.
11:25 of 1st period - Slapshot by Adrian Kempe.
11:25 of 1st period - Deflect By Anze Kopitar.
11:25 of 1st period - Shot Blocked by Nick Foligno.
11:25 of 1st period - Puck is out of play.
11:26 of 1st period - Anze Kopitar wins face-off versus Blake Wheeler in Chicago Blackhawks zone.
11:37 of 1st period - Wrist shot by Anze Kopitar.
11:37 of 1st period - Shot Blocked by Matt Grzelcyk.
11:37 of 1st period - Matt Grzelcyk from Chicago Blackhawks is injured at 11:37 of 1st period (Left Foot).
11:38 of 1st period - Anze Kopitar wins face-off versus Sam Bennett in Chicago Blackhawks zone.
11:53 of 1st period - Snap shot by Patrick Kane.
11:53 of 1st period - Stopped by Cam Talbot with a rebound.
11:55 of 1st period - Snap shot by Sam Bennett.
11:55 of 1st period - Shot Misses the Net.
13:15 of 1st period - Wrist shot by Kevin Fiala.
13:15 of 1st period - Shot Misses the Net.
13:34 of 1st period - Snap shot by Pierre-Luc Dubois.
13:34 of 1st period - Stopped by David Rittich with a rebound.
13:38 of 1st period - Snap shot by Pierre-Luc Dubois.
13:38 of 1st period - Stopped by David Rittich with a rebound.
13:58 of 1st period - Slapshot by Arthur Kaliyev.
13:58 of 1st period - Stopped by David Rittich with a rebound.
14:00 of 1st period - Wrist shot by Wade Allison.
14:00 of 1st period - Shot Blocked by Blake Wheeler.
14:02 of 1st period - Snap shot by Wade Allison.
14:02 of 1st period - Shot Misses the Net.
14:04 of 1st period - Slapshot by Andreas Englund.
14:04 of 1st period - Shot Misses the Net.
14:06 of 1st period - Slapshot by Wade Allison.
14:06 of 1st period - Stopped by David Rittich without a rebound.
14:07 of 1st period - Anze Kopitar wins face-off versus Sam Bennett in Chicago Blackhawks zone.
14:10 of 1st period - Snap shot by Adrian Kempe.
14:10 of 1st period - Stopped by David Rittich without a rebound.
14:11 of 1st period - Sam Bennett wins face-off versus Anze Kopitar in Chicago Blackhawks zone.
14:18 of 1st period - Wrist shot by Patrick Kane.
14:18 of 1st period - Shot Blocked by Adrian Kempe.
14:20 of 1st period - Slapshot by Jarred Tinordi.
14:20 of 1st period - Stopped by Cam Talbot with a rebound.
14:22 of 1st period - Snap shot by Sam Bennett.
14:22 of 1st period - Shot Misses the Net.
14:24 of 1st period - Slapshot by Patrik Nemeth.
14:24 of 1st period - Stopped by Cam Talbot without a rebound.
14:25 of 1st period - Anze Kopitar wins face-off versus Sam Bennett in Los Angeles Kings zone.
14:25 of 1st period - Anze Kopitar is hit by Nick Foligno.
14:33 of 1st period - Jarred Tinordi is hit by Mikey Anderson and loses puck.
14:38 of 1st period - Wrist shot by Adrian Kempe.
14:38 of 1st period - Shot Blocked by Patrick Kane.
14:42 of 1st period - Snap shot by Kevin Fiala.
14:42 of 1st period - Stopped by David Rittich without a rebound.
14:43 of 1st period - Pierre-Luc Dubois wins face-off versus Tyler Johnson in Chicago Blackhawks zone.
14:49 of 1st period - Wrist shot by Viktor Arvidsson.
14:49 of 1st period - Stopped by David Rittich with a rebound.
14:51 of 1st period - Slapshot by Matt Roy.
14:51 of 1st period - Stopped by David Rittich without a rebound.
14:52 of 1st period - Tyler Johnson wins face-off versus Pierre-Luc Dubois in Chicago Blackhawks zone.
14:54 of 1st period - Minor Penalty to Blake Wheeler for Delaying the game.
14:55 of 1st period - Anze Kopitar wins face-off versus Kevin Stenlund in Chicago Blackhawks zone.
14:58 of 1st period - Minor Penalty to Kevin Fiala for Slashing.
14:59 of 1st period - Anze Kopitar wins face-off versus Sam Bennett in Los Angeles Kings zone.
15:15 of 1st period - Sam Bennett is hit by Anze Kopitar and loses puck.
15:38 of 1st period - Slapshot by Seth Jones.
15:38 of 1st period - Deflect By Mikey Anderson.
15:38 of 1st period - Stopped by Cam Talbot without a rebound.
15:39 of 1st period - Phillip Danault wins face-off versus Tyler Johnson in Los Angeles Kings zone.
16:33 of 1st period - Sam Bennett is hit by Vladislav Gavrikov and loses puck.
16:54 of 1st period - Penalty to Blake Wheeler is over, Blake Wheeler is back on ice.
16:58 of 1st period - Penalty to Kevin Fiala is over, Kevin Fiala is back on ice.
17:31 of 1st period - Matt Roy is hit by Philipp Kurashev and loses puck.
17:56 of 1st period - Icing by Patrik Nemeth.
17:57 of 1st period - Blake Wheeler wins face-off versus Trevor Lewis in Chicago Blackhawks zone.
18:03 of 1st period - Off-side.
18:04 of 1st period - Anze Kopitar wins face-off versus Sam Bennett in neutral zone.
18:26 of 1st period - Minor Penalty to Sam Bennett for Tripping.
18:27 of 1st period - Kevin Stenlund wins face-off versus Anze Kopitar in Chicago Blackhawks zone.
18:38 of 1st period - Anze Kopitar is hit by Patrik Nemeth and loses puck.
18:58 of 1st period - Off-side.
18:59 of 1st period - Pierre-Luc Dubois wins face-off versus Kevin Stenlund in neutral zone.
19:28 of 1st period - Slapshot by Adrian Kempe.
19:28 of 1st period - Stopped by David Rittich with a rebound.
19:30 of 1st period - Backhand shot by Matt Roy.
19:30 of 1st period - Shot Misses the Net.
19:32 of 1st period - Snap shot by Drew Doughty.
19:32 of 1st period - Shot Misses the Net.
19:34 of 1st period - Wrist shot by Adrian Kempe.
19:34 of 1st period - Shot Misses the Net.
Goals for this period are 1 for Los Angeles Kings vs 0 for Chicago Blackhawks.
Shots for this period are 15 for Los Angeles Kings vs 6 for Chicago Blackhawks.

2nd period


0:01 of 2nd period - Anze Kopitar wins face-off versus Kevin Stenlund in neutral zone.
0:08 of 2nd period - Off-side.
0:09 of 2nd period - Kevin Stenlund wins face-off versus Anze Kopitar in neutral zone.
0:14 of 2nd period - Wrist shot by Boris Katchouk.
0:14 of 2nd period - Deflect By Anze Kopitar.
0:14 of 2nd period - Shot Blocked by Drew Doughty.
0:14 of 2nd period - Puck is out of play.
0:15 of 2nd period - Anze Kopitar wins face-off versus Kevin Stenlund in Los Angeles Kings zone.
0:26 of 2nd period - Penalty to Sam Bennett is over, Sam Bennett is back on ice.
0:32 of 2nd period - Wrist shot by Anze Kopitar.
0:32 of 2nd period - Stopped by David Rittich with a rebound.
0:59 of 2nd period - Minor Penalty to Pierre-Luc Dubois for Slashing.
1:00 of 2nd period - Sam Bennett wins face-off versus Anze Kopitar in Los Angeles Kings zone.
1:05 of 2nd period - Wrist shot by Sam Bennett.
1:05 of 2nd period - Shot Blocked by Vladislav Gavrikov.
1:07 of 2nd period - Slapshot by Connor Murphy.
1:07 of 2nd period - Stopped by Cam Talbot with a rebound.
1:11 of 2nd period - Wrist shot by Patrick Kane.
1:11 of 2nd period - Shot Misses the Net.
1:13 of 2nd period - Snap shot by Connor Murphy.
1:13 of 2nd period - Deflect By Anze Kopitar.
1:13 of 2nd period - Stopped by Cam Talbot with a rebound.
1:15 of 2nd period - Slapshot by Sam Bennett.
1:15 of 2nd period - Stopped by Cam Talbot with a rebound.
1:56 of 2nd period - Connor Murphy is hit by Matt Roy and loses puck.
2:17 of 2nd period - Sam Bennett is hit by Vladislav Gavrikov and loses puck.
2:59 of 2nd period - Penalty to Pierre-Luc Dubois is over, Pierre-Luc Dubois is back on ice.
3:58 of 2nd period - Wrist shot by Kevin Stenlund.
3:58 of 2nd period - Stopped by Cam Talbot without a rebound.
3:59 of 2nd period - Tyler Johnson wins face-off versus Trevor Lewis in Los Angeles Kings zone.
4:00 of 2nd period - Snap shot by Blake Wheeler.
4:00 of 2nd period - Stopped by Cam Talbot without a rebound.
4:01 of 2nd period - Trevor Moore wins face-off versus Tyler Johnson in Los Angeles Kings zone.
5:26 of 2nd period - Snap shot by Sam Bennett.
5:26 of 2nd period - Shot Misses the Net.
5:28 of 2nd period - Wrist shot by Patrick Kane.
5:28 of 2nd period - Shot Misses the Net.
5:30 of 2nd period - Slapshot by Jarred Tinordi.
5:30 of 2nd period - Shot Misses the Net.
5:34 of 2nd period - Slapshot by Patrick Kane.
5:34 of 2nd period - Shot Misses the Net.
5:36 of 2nd period - Snap shot by Jarred Tinordi.
5:36 of 2nd period - Stopped by Cam Talbot with a rebound.
5:38 of 2nd period - Slapshot by Jarred Tinordi.
5:38 of 2nd period - Stopped by Cam Talbot with a rebound.
5:40 of 2nd period - Snap shot by Nick Foligno.
5:40 of 2nd period - Stopped by Cam Talbot without a rebound.
5:41 of 2nd period - Tyler Johnson wins face-off versus Anze Kopitar in Los Angeles Kings zone.
5:42 of 2nd period - Wrist shot by Blake Wheeler.
5:42 of 2nd period - Stopped by Cam Talbot without a rebound.
5:43 of 2nd period - Anze Kopitar wins face-off versus Tyler Johnson in Los Angeles Kings zone.
5:43 of 2nd period - Anze Kopitar is hit by Connor Murphy.
6:13 of 2nd period - Snap shot by Philipp Kurashev.
6:13 of 2nd period - Goal by Philipp Kurashev - Los Angeles Kings : 1 - Chicago Blackhawks : 1.
6:14 of 2nd period - Philipp Kurashev wins face-off versus Anze Kopitar in neutral zone.
6:21 of 2nd period - Slapshot by Jonatan Berggren.
6:21 of 2nd period - Stopped by Cam Talbot without a rebound.
6:22 of 2nd period - Anze Kopitar wins face-off versus Philipp Kurashev in Los Angeles Kings zone.
6:32 of 2nd period - Snap shot by Kevin Fiala.
6:32 of 2nd period - Shot Misses the Net.
6:34 of 2nd period - Slapshot by Matt Roy.
6:34 of 2nd period - Stopped by David Rittich with a rebound.
6:36 of 2nd period - Snap shot by Anze Kopitar.
6:36 of 2nd period - Stopped by David Rittich without a rebound.
6:37 of 2nd period - Pierre-Luc Dubois wins face-off versus Tyler Johnson in Chicago Blackhawks zone.
6:38 of 2nd period - Wrist shot by Viktor Arvidsson.
6:38 of 2nd period - Stopped by David Rittich without a rebound.
6:39 of 2nd period - Pierre-Luc Dubois wins face-off versus Blake Wheeler in Chicago Blackhawks zone.
6:46 of 2nd period - Wrist shot by Pierre-Luc Dubois.
6:46 of 2nd period - Stopped by David Rittich without a rebound.
6:47 of 2nd period - Tyler Johnson wins face-off versus Pierre-Luc Dubois in Chicago Blackhawks zone.
6:52 of 2nd period - Snap shot by Tyler Johnson.
6:52 of 2nd period - Deflect By Blake Wheeler.
6:52 of 2nd period - Shot Misses the Net.
6:52 of 2nd period - Puck is out of play.
6:53 of 2nd period - Anze Kopitar wins face-off versus Tyler Johnson in Los Angeles Kings zone.
7:02 of 2nd period - Jarred Tinordi is hit by Drew Doughty and loses puck.
7:19 of 2nd period - Pierre-Luc Dubois is hit by Patrick Kane and loses puck.
8:02 of 2nd period - Slapshot by Drew Doughty.
8:02 of 2nd period - Stopped by David Rittich with a rebound.
9:38 of 2nd period - Wrist shot by Kevin Fiala.
9:38 of 2nd period - Stopped by David Rittich without a rebound.
9:39 of 2nd period - Sam Bennett wins face-off versus Anze Kopitar in Chicago Blackhawks zone.
10:27 of 2nd period - Snap shot by Kevin Fiala.
10:27 of 2nd period - Shot Misses the Net.
10:29 of 2nd period - Snap shot by Anze Kopitar.
10:29 of 2nd period - Stopped by David Rittich with a rebound.
10:31 of 2nd period - Snap shot by Adrian Kempe.
10:31 of 2nd period - Shot Misses the Net.
10:59 of 2nd period - Slapshot by Kevin Fiala.
10:59 of 2nd period - Stopped by David Rittich with a rebound.
11:01 of 2nd period - Slapshot by Vladislav Gavrikov.
11:01 of 2nd period - Deflect By Kevin Fiala.
11:01 of 2nd period - Stopped by David Rittich with a rebound.
11:03 of 2nd period - Slapshot by Vladislav Gavrikov.
11:03 of 2nd period - Shot Misses the Net.
11:05 of 2nd period - Slapshot by Mikey Anderson.
11:05 of 2nd period - Shot Blocked by Connor Murphy.
11:46 of 2nd period - Kevin Fiala is hit by Corey Perry and loses puck.
11:53 of 2nd period - Snap shot by Kevin Fiala.
11:53 of 2nd period - Goal by Kevin Fiala - Los Angeles Kings : 2 - Chicago Blackhawks : 1.
11:54 of 2nd period - Pierre-Luc Dubois wins face-off versus Tyler Johnson in neutral zone.
12:01 of 2nd period - Backhand shot by Viktor Arvidsson.
12:01 of 2nd period - Goal by Viktor Arvidsson - Los Angeles Kings : 3 - Chicago Blackhawks : 1.
12:02 of 2nd period - Pierre-Luc Dubois wins face-off versus Tyler Johnson in neutral zone.
12:07 of 2nd period - Snap shot by Pierre-Luc Dubois.
12:07 of 2nd period - Deflect By Viktor Arvidsson.
12:07 of 2nd period - Shot Misses the Net.
12:07 of 2nd period - Puck is out of play.
12:08 of 2nd period - Tyler Johnson wins face-off versus Viktor Arvidsson in Chicago Blackhawks zone.
13:03 of 2nd period - Snap shot by Kevin Stenlund.
13:03 of 2nd period - Deflect By Sam Carrick.
13:03 of 2nd period - Shot Misses the Net.
13:03 of 2nd period - Puck is out of play.
13:04 of 2nd period - Pierre-Luc Dubois wins face-off versus Taylor Hall in Los Angeles Kings zone.
13:12 of 2nd period - Minor Penalty to Blake Wheeler for High sticking.
13:13 of 2nd period - Kevin Stenlund wins face-off versus Anze Kopitar in Chicago Blackhawks zone.
14:22 of 2nd period - Wrist shot by Pierre-Luc Dubois.
14:22 of 2nd period - Shot Blocked by Philipp Kurashev.
14:24 of 2nd period - Snap shot by Viktor Arvidsson.
14:24 of 2nd period - Goal by Viktor Arvidsson - Los Angeles Kings : 4 - Chicago Blackhawks : 1.
14:25 of 2nd period - Anze Kopitar wins face-off versus Sam Bennett in neutral zone.
14:36 of 2nd period - Wrist shot by Sam Bennett.
14:36 of 2nd period - Shot Blocked by Mikey Anderson.
14:38 of 2nd period - Wrist shot by Sam Bennett.
14:38 of 2nd period - Stopped by Cam Talbot with a rebound.
14:40 of 2nd period - Snap shot by Sam Bennett.
14:40 of 2nd period - Stopped by Cam Talbot without a rebound.
14:41 of 2nd period - Tyler Johnson wins face-off versus Pierre-Luc Dubois in Los Angeles Kings zone.
14:44 of 2nd period - Snap shot by Tyler Johnson.
14:44 of 2nd period - Stopped by Cam Talbot without a rebound.
14:45 of 2nd period - Pierre-Luc Dubois wins face-off versus Tyler Johnson in Los Angeles Kings zone.
14:45 of 2nd period - Pierre-Luc Dubois is hit by Blake Wheeler.
15:14 of 2nd period - Double Minor Penalty to Adrian Kempe for Roughing.
15:15 of 2nd period - Sam Bennett wins face-off versus Anze Kopitar in Los Angeles Kings zone.
15:20 of 2nd period - Wrist shot by Patrick Kane.
15:20 of 2nd period - Stopped by Cam Talbot without a rebound.
15:21 of 2nd period - Anze Kopitar wins face-off versus Sam Bennett in Los Angeles Kings zone.
15:38 of 2nd period - Slapshot by Sam Bennett.
15:38 of 2nd period - Stopped by Cam Talbot with a rebound.
16:17 of 2nd period - Slapshot by Seth Jones.
16:17 of 2nd period - Goal by Seth Jones - Los Angeles Kings : 4 - Chicago Blackhawks : 2.
16:18 of 2nd period - Anze Kopitar wins face-off versus Sam Bennett in neutral zone.
16:29 of 2nd period - Slapshot by Anze Kopitar.
16:29 of 2nd period - Stopped by David Rittich without a rebound.
16:30 of 2nd period - Sam Bennett wins face-off versus Anze Kopitar in Chicago Blackhawks zone.
16:47 of 2nd period - Kevin Fiala is hit by Patrick Kane and loses puck.
18:17 of 2nd period - Penalty to Adrian Kempe is over, Adrian Kempe is back on ice.
18:18 of 2nd period - Icing by Drew Doughty.
18:19 of 2nd period - Anze Kopitar wins face-off versus Nick Foligno in Los Angeles Kings zone.
19:16 of 2nd period - Snap shot by Arthur Kaliyev.
19:16 of 2nd period - Shot Hit the Post.
19:18 of 2nd period - Slapshot by Drew Doughty.
19:18 of 2nd period - Stopped by David Rittich with a rebound.
19:32 of 2nd period - Snap shot by Tyler Johnson.
19:32 of 2nd period - Deflect By Blake Wheeler.
19:32 of 2nd period - Shot Misses the Net.
19:32 of 2nd period - Puck is out of play.
19:33 of 2nd period - Anze Kopitar wins face-off versus Tyler Johnson in Los Angeles Kings zone.
19:38 of 2nd period - Wrist shot by Anze Kopitar.
19:38 of 2nd period - Shot Blocked by Tyler Johnson.
19:40 of 2nd period - Slapshot by Vladislav Gavrikov.
19:40 of 2nd period - Stopped by David Rittich with a rebound.
19:50 of 2nd period - Wrist shot by Adrian Kempe.
19:50 of 2nd period - Stopped by David Rittich without a rebound.
19:51 of 2nd period - Pierre-Luc Dubois wins face-off versus Sam Bennett in Chicago Blackhawks zone.
19:56 of 2nd period - Snap shot by Viktor Arvidsson.
19:56 of 2nd period - Stopped by David Rittich without a rebound.
19:57 of 2nd period - Pierre-Luc Dubois wins face-off versus Sam Bennett in Chicago Blackhawks zone.
19:58 of 2nd period - Backhand shot by Viktor Arvidsson.
19:58 of 2nd period - Shot Misses the Net.
Goals for this period are 3 for Los Angeles Kings vs 2 for Chicago Blackhawks.
Shots for this period are 18 for Los Angeles Kings vs 17 for Chicago Blackhawks.

3rd period


0:01 of 3rd period - Sam Bennett wins face-off versus Anze Kopitar in neutral zone.
0:03 of 3rd period - Minor Penalty to Nick Foligno for Tripping.
0:04 of 3rd period - Kevin Stenlund wins face-off versus Anze Kopitar in Chicago Blackhawks zone.
0:04 of 3rd period - Kevin Stenlund is hit by Drew Doughty.
0:15 of 3rd period - Snap shot by Kevin Fiala.
0:15 of 3rd period - Deflect By Anze Kopitar.
0:15 of 3rd period - Stopped by David Rittich without a rebound.
0:16 of 3rd period - Kevin Stenlund wins face-off versus Anze Kopitar in Chicago Blackhawks zone.
0:37 of 3rd period - Nikita Zaitsev is hit by Adrian Kempe and loses puck.
1:11 of 3rd period - Icing by Kevin Fiala.
1:12 of 3rd period - Kevin Stenlund wins face-off versus Anze Kopitar in Los Angeles Kings zone.
1:54 of 3rd period - Off-side.
1:55 of 3rd period - Anze Kopitar wins face-off versus Philipp Kurashev in neutral zone.
2:03 of 3rd period - Penalty to Nick Foligno is over, Nick Foligno is back on ice.
2:16 of 3rd period - Snap shot by Philipp Kurashev.
2:16 of 3rd period - Deflect By Boris Katchouk.
2:16 of 3rd period - Stopped by Cam Talbot without a rebound.
2:17 of 3rd period - Tyler Johnson wins face-off versus Pierre-Luc Dubois in Los Angeles Kings zone.
2:46 of 3rd period - Snap shot by Philipp Kurashev.
2:46 of 3rd period - Shot Blocked by Viktor Arvidsson.
2:48 of 3rd period - Slapshot by Jarred Tinordi.
2:48 of 3rd period - Deflect By Corey Perry.
2:48 of 3rd period - Stopped by Cam Talbot with a rebound.
2:50 of 3rd period - Slapshot by Philipp Kurashev.
2:50 of 3rd period - Shot Misses the Net.
2:56 of 3rd period - Slapshot by Jonatan Berggren.
2:56 of 3rd period - Deflect By Corey Perry.
2:56 of 3rd period - Deflect By Pierre-Luc Dubois.
2:56 of 3rd period - Shot Misses the Net.
2:56 of 3rd period - Puck is out of play.
2:57 of 3rd period - Anze Kopitar wins face-off versus Sam Bennett in Los Angeles Kings zone.
2:57 of 3rd period - Anze Kopitar is hit by Nick Foligno.
3:11 of 3rd period - Snap shot by Kevin Fiala.
3:11 of 3rd period - Shot Hit the Post.
3:13 of 3rd period - Slapshot by Matt Roy.
3:13 of 3rd period - Deflect By Patrick Kane.
3:13 of 3rd period - Stopped by David Rittich with a rebound.
4:03 of 3rd period - Snap shot by Arthur Kaliyev.
4:03 of 3rd period - Deflect By Wade Allison.
4:03 of 3rd period - Goal by Wade Allison - Los Angeles Kings : 5 - Chicago Blackhawks : 2.
4:04 of 3rd period - Anze Kopitar wins face-off versus Sam Bennett in neutral zone.
4:50 of 3rd period - Minor Penalty to Sam Bennett for Cross-checking.
4:51 of 3rd period - Anze Kopitar wins face-off versus Kevin Stenlund in Chicago Blackhawks zone.
5:17 of 3rd period - Patrik Nemeth is hit by Phillip Danault and loses puck.
5:28 of 3rd period - Snap shot by Kevin Stenlund.
5:28 of 3rd period - Stopped by Cam Talbot with a rebound.
6:20 of 3rd period - Mikey Anderson is hit by Corey Perry and loses puck.
6:49 of 3rd period - Matt Roy is hit by Nikita Zaitsev and loses puck.
6:50 of 3rd period - Penalty to Sam Bennett is over, Sam Bennett is back on ice.
6:54 of 3rd period - Snap shot by Sam Carrick.
6:54 of 3rd period - Shot Misses the Net.
6:56 of 3rd period - Wrist shot by Boris Katchouk.
6:56 of 3rd period - Stopped by Cam Talbot with a rebound.
6:58 of 3rd period - Backhand shot by Sam Bennett.
6:58 of 3rd period - Stopped by Cam Talbot with a rebound.
7:00 of 3rd period - Slapshot by Nikita Zaitsev.
7:00 of 3rd period - Shot Blocked by Drew Doughty.
7:02 of 3rd period - Snap shot by Boris Katchouk.
7:02 of 3rd period - Shot Misses the Net.
7:04 of 3rd period - Snap shot by Sam Bennett.
7:04 of 3rd period - Stopped by Cam Talbot with a rebound.
7:06 of 3rd period - Snap shot by Boris Katchouk.
7:06 of 3rd period - Stopped by Cam Talbot with a rebound.
7:08 of 3rd period - Slapshot by Jarred Tinordi.
7:08 of 3rd period - Deflect By Sam Bennett.
7:08 of 3rd period - Stopped by Cam Talbot with a rebound.
7:10 of 3rd period - Slapshot by Nikita Zaitsev.
7:10 of 3rd period - Deflect By Sam Carrick.
7:10 of 3rd period - Shot Blocked by Matt Roy.
7:10 of 3rd period - Puck is out of play.
7:11 of 3rd period - Quinton Byfield wins face-off versus Tyler Johnson in Los Angeles Kings zone.
7:20 of 3rd period - Slapshot by Quinton Byfield.
7:20 of 3rd period - Shot Blocked by Connor Murphy.
7:25 of 3rd period - Minor Penalty to Connor Murphy for Boarding.
7:26 of 3rd period - Anze Kopitar wins face-off versus Kevin Stenlund in Chicago Blackhawks zone.
7:42 of 3rd period - Wrist shot by Drew Doughty.
7:42 of 3rd period - Stopped by David Rittich with a rebound.
9:25 of 3rd period - Penalty to Connor Murphy is over, Connor Murphy is back on ice.
9:45 of 3rd period - Blake Wheeler is hit by Vladislav Gavrikov and loses puck.
9:58 of 3rd period - Snap shot by Arthur Kaliyev.
9:58 of 3rd period - Shot Misses the Net.
10:36 of 3rd period - Off-side.
10:37 of 3rd period - Sam Bennett wins face-off versus Trevor Lewis in neutral zone.
10:56 of 3rd period - Slapshot by Patrick Kane.
10:56 of 3rd period - Shot Misses the Net.
11:09 of 3rd period - Snap shot by Sam Bennett.
11:09 of 3rd period - Shot Blocked by Trevor Moore.
11:23 of 3rd period - Wrist shot by Patrick Kane.
11:23 of 3rd period - Stopped by Cam Talbot without a rebound.
11:24 of 3rd period - Anze Kopitar wins face-off versus Philipp Kurashev in Los Angeles Kings zone.
11:51 of 3rd period - Tyler Johnson is hit by Matt Roy and loses puck.
11:57 of 3rd period - Off-side.
11:58 of 3rd period - Pierre-Luc Dubois wins face-off versus Tyler Johnson in neutral zone.
12:05 of 3rd period - Wrist shot by Phillip Danault.
12:05 of 3rd period - Stopped by David Rittich without a rebound.
12:06 of 3rd period - Tyler Johnson wins face-off versus Pierre-Luc Dubois in Chicago Blackhawks zone.
12:24 of 3rd period - Minor Penalty to Pierre-Luc Dubois for Delaying the game.
12:25 of 3rd period - Kevin Fiala wins face-off versus Sam Bennett in Los Angeles Kings zone.
13:03 of 3rd period - Patrick Kane is hit by Viktor Arvidsson and loses puck.
13:42 of 3rd period - Slapshot by Seth Jones.
13:42 of 3rd period - Shot Blocked by Anze Kopitar.
13:44 of 3rd period - Slapshot by Seth Jones.
13:44 of 3rd period - Stopped by Cam Talbot with a rebound.
13:46 of 3rd period - Snap shot by Seth Jones.
13:46 of 3rd period - Stopped by Cam Talbot with a rebound.
13:48 of 3rd period - Slapshot by Seth Jones.
13:48 of 3rd period - Shot Blocked by Mikey Anderson.
13:50 of 3rd period - Wrist shot by Sam Bennett.
13:50 of 3rd period - Stopped by Cam Talbot without a rebound.
13:51 of 3rd period - Anze Kopitar wins face-off versus Tyler Johnson in Los Angeles Kings zone.
14:04 of 3rd period - Wrist shot by Tyler Johnson.
14:04 of 3rd period - Goal by Tyler Johnson - Los Angeles Kings : 5 - Chicago Blackhawks : 3.
14:05 of 3rd period - Anze Kopitar wins face-off versus Kevin Stenlund in neutral zone.
14:10 of 3rd period - Backhand shot by Anze Kopitar.
14:10 of 3rd period - Stopped by David Rittich without a rebound.
14:11 of 3rd period - Kevin Stenlund wins face-off versus Anze Kopitar in Chicago Blackhawks zone.
14:22 of 3rd period - Slapshot by Drew Doughty.
14:22 of 3rd period - Stopped by David Rittich with a rebound.
14:59 of 3rd period - Snap shot by Blake Wheeler.
14:59 of 3rd period - Shot Misses the Net.
15:07 of 3rd period - Wrist shot by Tyler Johnson.
15:07 of 3rd period - Shot Misses the Net.
15:09 of 3rd period - Slapshot by Jarred Tinordi.
15:09 of 3rd period - Stopped by Cam Talbot with a rebound.
15:11 of 3rd period - Snap shot by Taylor Hall.
15:11 of 3rd period - Goal by Taylor Hall - Los Angeles Kings : 5 - Chicago Blackhawks : 4.
15:12 of 3rd period - Anze Kopitar wins face-off versus Philipp Kurashev in neutral zone.
16:22 of 3rd period - Wade Allison is hit by Seth Jones and loses puck.
16:29 of 3rd period - Wrist shot by Patrick Kane.
16:29 of 3rd period - Shot Blocked by Arthur Kaliyev.
16:31 of 3rd period - Wrist shot by Nick Foligno.
16:31 of 3rd period - Shot Misses the Net.
16:33 of 3rd period - Wrist shot by Sam Bennett.
16:33 of 3rd period - Shot Blocked by Mikey Anderson.
16:48 of 3rd period - Slapshot by Jonatan Berggren.
16:48 of 3rd period - Shot Misses the Net.
17:10 of 3rd period - Snap shot by Boris Katchouk.
17:10 of 3rd period - Shot Blocked by Trevor Moore.
17:12 of 3rd period - Slapshot by Jarred Tinordi.
17:12 of 3rd period - Shot Blocked by Kurtis MacDermid.
17:14 of 3rd period - Slapshot by Sam Carrick.
17:14 of 3rd period - Stopped by Cam Talbot with a rebound.
17:16 of 3rd period - Snap shot by Kevin Stenlund.
17:16 of 3rd period - Shot Blocked by Kurtis MacDermid.
17:18 of 3rd period - Wrist shot by Patrik Nemeth.
17:18 of 3rd period - Shot Misses the Net.
17:20 of 3rd period - Slapshot by Patrik Nemeth.
17:20 of 3rd period - Stopped by Cam Talbot without a rebound.
17:21 of 3rd period - Anze Kopitar wins face-off versus Nick Foligno in Los Angeles Kings zone.
17:26 of 3rd period - Wrist shot by Kevin Fiala.
17:26 of 3rd period - Stopped by David Rittich with a rebound.
18:36 of 3rd period - Wrist shot by Adrian Kempe.
18:36 of 3rd period - Stopped by David Rittich with a rebound.
18:38 of 3rd period - Slapshot by Mikey Anderson.
18:38 of 3rd period - Deflect By Kevin Fiala.
18:38 of 3rd period - Stopped by David Rittich with a rebound.
19:00 of 3rd period - Chicago Blackhawks, David Rittich is pulled from the net.
19:06 of 3rd period - Snap shot by Patrick Kane.
19:06 of 3rd period - Deflect By Taylor Hall.
19:06 of 3rd period - Stopped by Cam Talbot with a rebound.
19:28 of 3rd period - Snap shot by Patrick Kane.
19:28 of 3rd period - Shot Blocked by Kevin Fiala.
19:30 of 3rd period - Backhand shot by Patrik Nemeth.
19:30 of 3rd period - Stopped by Cam Talbot with a rebound.
19:32 of 3rd period - Slapshot by Jarred Tinordi.
19:32 of 3rd period - Deflect By Adrian Kempe.
19:32 of 3rd period - Stopped by Cam Talbot with a rebound.
19:34 of 3rd period - Snap shot by Sam Bennett.
19:34 of 3rd period - Shot Blocked by Vladislav Gavrikov.
19:36 of 3rd period - Snap shot by Taylor Hall.
19:36 of 3rd period - Stopped by Cam Talbot with a rebound.
19:38 of 3rd period - Slapshot by Jarred Tinordi.
19:38 of 3rd period - Stopped by Cam Talbot with a rebound.
19:40 of 3rd period - Slapshot by Jarred Tinordi.
19:40 of 3rd period - Shot Blocked by Mikey Anderson.
19:42 of 3rd period - Backhand shot by Taylor Hall.
19:42 of 3rd period - Goal by Taylor Hall - Los Angeles Kings : 5 - Chicago Blackhawks : 5.
19:42 of 3rd period - David Rittich from Chicago Blackhawks was sent back in the game.
19:43 of 3rd period - Anze Kopitar wins face-off versus Jonatan Berggren in neutral zone.
Goals for this period are 1 for Los Angeles Kings vs 3 for Chicago Blackhawks.
Shots for this period are 10 for Los Angeles Kings vs 23 for Chicago Blackhawks.
0:00 - Minor Penalty to Connor Murphy for Tripping.

Overtime #1


0:01 of 1st overtime period - Kevin Stenlund wins face-off versus Anze Kopitar in neutral zone.
0:46 of 1st overtime period - Wrist shot by Philipp Kurashev.
0:46 of 1st overtime period - Shot Misses the Net.
0:48 of 1st overtime period - Wrist shot by Nikita Zaitsev.
0:48 of 1st overtime period - Stopped by Cam Talbot without a rebound.
0:49 of 1st overtime period - Anze Kopitar wins face-off versus Kevin Stenlund in Los Angeles Kings zone.
2:00 of 1st overtime period - Penalty to Connor Murphy is over, Connor Murphy is back on ice.
Goals for this period are 0 for Los Angeles Kings vs 0 for Chicago Blackhawks.
Shots for this period are 0 for Los Angeles Kings vs 1 for Chicago Blackhawks.

ShootOut


5:00 of 1st overtime period - Round #1.
5:00 of 1st overtime period - Los Angeles Kings, Anze Kopitar.
5:00 of 1st overtime period - Snap shot by Anze Kopitar.
5:00 of 1st overtime period - Stopped by David Rittich.
5:00 of 1st overtime period - Chicago Blackhawks, Patrick Kane.
5:00 of 1st overtime period - Wrist shot by Patrick Kane.
5:00 of 1st overtime period - Stopped by Cam Talbot.
5:00 of 1st overtime period - Round #2.
5:00 of 1st overtime period - Los Angeles Kings, Adrian Kempe.
5:00 of 1st overtime period - Deke by Adrian Kempe.
5:00 of 1st overtime period - Shot Misses the Net.
5:00 of 1st overtime period - Chicago Blackhawks, Blake Wheeler.
5:00 of 1st overtime period - Snap shot by Blake Wheeler.
5:00 of 1st overtime period - Goal by Blake Wheeler.
5:00 of 1st overtime period - Round #3.
5:00 of 1st overtime period - Los Angeles Kings, Pierre-Luc Dubois.
5:00 of 1st overtime period - Deke by Pierre-Luc Dubois.
5:00 of 1st overtime period - Goal by Pierre-Luc Dubois.
5:00 of 1st overtime period - Chicago Blackhawks, Sam Bennett.
5:00 of 1st overtime period - Snap shot by Sam Bennett.
5:00 of 1st overtime period - Stopped by Cam Talbot.
5:00 of 1st overtime period - Round #4.
5:00 of 1st overtime period - Los Angeles Kings, Kevin Fiala.
5:00 of 1st overtime period - Snap shot by Kevin Fiala.
5:00 of 1st overtime period - Shot Misses the Net.
5:00 of 1st overtime period - Chicago Blackhawks, Taylor Hall.
5:00 of 1st overtime period - Wrist shot by Taylor Hall.
5:00 of 1st overtime period - Shot Misses the Net.
5:00 of 1st overtime period - Round #5.
5:00 of 1st overtime period - Los Angeles Kings, Viktor Arvidsson.
5:00 of 1st overtime period - Deke by Viktor Arvidsson.
5:00 of 1st overtime period - Goal by Viktor Arvidsson.
5:00 of 1st overtime period - Chicago Blackhawks, Nick Foligno.
5:00 of 1st overtime period - Wrist shot by Nick Foligno.
5:00 of 1st overtime period - Stopped by Cam Talbot.